 Dungeon Crawl Stone Soup version 0.20-a0-893-g832831a (webtiles) character file.

8488 JeffiDaFish the Geomancer (level 11, -2/61 HPs)
             Began as a Gargoyle Earth Elementalist on Mar 18, 2017.
             Was a Believer of Sif Muna.
             Slain by a vampire (9 damage)
             ... on level 9 of the Dungeon.
             The game lasted 00:49:02 (13697 turns).

JeffiDaFish the Geomancer (GrEE)                   Turns: 13697, Time: 00:49:03

Health: -2/61      AC: 20    Str: 15    XL:     11   Next: 31%
Magic:  18/22      EV: 12    Int: 15    God:    Sif Muna [**....]
Gold:   546        SH:  7    Dex: 15    Spells: 12/25 levels left

rFire    . . .     SeeInvis .   p - +1 trident
rCold    . . .     Gourm    .   n - +1 ring mail
rNeg     + . .     Faith    .   q - +1 buckler
rPois    ∞         Spirit   .   u - +0 helmet
rElec    +         Reflect  .   f - +2 cloak
rCorr    .         Harm     .   t - +0 pair of gloves
MR       +....                  h - +0 pair of boots
Stlth    ++........             g - amulet of magic regeneration
Regen    0.2/turn               o - ring of protection from magic
MPRegen  0.3/turn               v - ring of wizardry

@: no status effects
A: agile 1, negative energy resistance 1, electricity resistance, strong 1,
unbreathing, petrification resistance, rot immunity, AC +7
a: Divine Energy, Renounce Religion


You were on level 9 of the Dungeon.
You worshipped Sif Muna.
Sif Muna was pleased with you.
You were not hungry.

You visited 2 branches of the dungeon, and saw 11 of its levels.

You collected 546 gold pieces.

Inventory:

Hand Weapons
 p - a +1 trident (weapon)
Missiles
 b - 162 stones (quivered)
Armour
 f - a +2 cloak (worn)
 h - a +0 pair of boots (worn)
 n - a +1 ring mail (worn)
 q - a +1 buckler (worn)
 t - a +0 pair of gloves (worn)
 u - a +0 helmet (worn)
Jewellery
 g - an amulet of magic regeneration (around neck)
 o - a ring of protection from magic (right hand)
 v - a ring of wizardry (left hand)
Scrolls
 c - a scroll of magic mapping
 j - 6 scrolls of remove curse
 k - a scroll of enchant armour
 w - 3 scrolls of teleportation
 x - 3 scrolls of identify
Potions
 l - 2 potions of berserk rage
 r - 3 potions of curing
 s - 4 potions of heal wounds
Books
 e - a book of Geomancy

   Spells                             Type                      Level
   a - Sandblast                      Earth                        1
   b - Passwall                       Transmutation/Earth          2
   c - Stone Arrow                    Conjuration/Earth            3
   d - Petrify                        Transmutation/Earth          4
   e - Lee's Rapid Deconstruction     Earth                        5
Comestibles
 a - 4 fruits
 d - 11 bread rations
 i - a royal jelly
 m - 5 meat rations


   Skills:
 * Level 4.1 Fighting
   Level 0.1 Short Blades
 + Level 4.8 Polearms
 - Level 3.7 Armour
 - Level 3.3 Dodging
 - Level 2.9 Stealth
 + Level 8.1 Shields
 * Level 7.5 Spellcasting
 + Level 6.8 Conjurations
 + Level 4.2 Transmutations
 * Level 9.4 Earth Magic


You had 12 spell levels left.
You knew the following spells:

 Your Spells              Type           Power        Failure   Level  Hunger
a - Sandblast             Erth           ####..       1%          1    None
b - Stone Arrow           Conj/Erth      ####..       1%          3    ##.....
c - Petrify               Tmut/Erth      ####....     7%          4    ####...
d - Lee's Rapid Deconstr  Erth           ####......   7%          5    #####..


Dungeon Overview and Level Annotations

Branches:
Dungeon (10/15)            Temple (1/1) D:5             Orc (0/2) D:9
   Lair: D:8-11

Altars:
Ashenzari
Elyvilon
Fedhas
Gozag
Kikubaaqudgha
Makhleb
Nemelex Xobeh
Qazlal
Ru
Sif Muna
Vehumet
Wu Jian
Xom
Yredelemnul
Zin
Beogh

Shops:
D:8 }

Annotations:
D:10 keipra's ghost, journeyman GrGl


Innate Abilities, Weirdness & Mutations

You are resistant to torment.
Your stone body is resilient. (AC +7)
You are immune to poison.
You resist negative energy. (rN+)
You are resistant to electric shocks. (rElec)
You can survive without breathing.
You are immune to petrification.
You are immune to rotting.
You are agile. (Dex +2)
Your muscles are strong. (Str +2)


Message History

Something bites you but does no damage.
You miss something. Something hits you. Something bites you but does no damage.
You puncture something! Something hits you but does no damage.
Something bites you but does no damage.
You miss something. Something hits you but does no damage.
Something bites you but does no damage.
You closely miss something. Something hits you but does no damage.
Something bites you but does no damage.
You hit something.
Unholy energy fills the air.
* * * LOW HITPOINT WARNING * * *
You miss something.
Unholy energy fills the air.
* * * LOW HITPOINT WARNING * * *
You miss something. Something hits you.
* * * LOW HITPOINT WARNING * * *
Something bites you but does no damage.
You hit something.
Unholy energy fills the air.
* * * LOW HITPOINT WARNING * * *
There is a stone staircase leading down here.
Something hits you!
You die...

#)# #.# #.# #.# #.#
#.# #.# #.# #.# #.#
#.# #.# ###.# #..
#...# ##.
####@########## ##
#<[...........### ###
#)[....>......'.# #..
#.............#.# #..
#.............#.###..
#.............#..).[.
#.............#####..
#.............# #..
############### ###


There were no monsters in sight!

Vanquished Creatures
  3 two-headed ogres
  Pikel (D:9)
  A deep elf mage (D:9)
  Joseph (D:7)
  A hippogriff (D:8)
  A hungry ghost (D:7)
  Menkaure (D:7)
  Duvessa (D:7)
  6 orc warriors
  4 phantoms
  A black bear (D:8)
  A hornet zombie (D:8)
  4 necrophages (D:8)
  A slave (D:9)
  2 ice beasts
  A centaur (D:7)
  2 sky beasts
  5 ogres
  A crocodile (D:9)
  A big kobold (D:8)
  Dowan (D:7)
  6 bullfrogs
  3 scorpions
  6 howler monkeys
  4 crimson imps
  A bullfrog zombie (D:8)
  6 orc priests
  5 orc wizards
  A centaur zombie (D:8)
  3 jellies
  A bullfrog skeleton (D:8)
  2 hounds
  A centaur skeleton (D:8)
  3 gnoll shamans
  3 iguanas
  Terence (D:3)
  Ijyb (D:2)
  Natasha (thrice) (D:2)
  2 worker ants
  2 killer bee zombies
  Robin (D:3)
  A howler monkey zombie (D:7)
  A worker ant zombie (D:8)
  51 gnolls
  A howler monkey skeleton (D:7)
  19 adders
  A shadow imp (D:6)
  An adder zombie (D:5)
  4 worms
  3 dart slugs (D:1)
  3 leopard geckos
  39 orcs
  3 giant cockroaches
  19 goblins
  8 hobgoblins
  32 jackals
  10 kobolds
  A quokka (D:5)
  A ball python (D:3)
  A ball python zombie (D:5)
  8 bats
  5 frilled lizards
  A quokka zombie (D:7)
  6 rats
314 creatures vanquished.

Vanquished Creatures (others)
  2 slaves (D:9)
  4 orcs (D:9)
  4 jackals (D:9)
  A bush (D:8)
  9 plants
20 creatures vanquished.

Grand Total: 334 creatures vanquished

Notes
Turn   | Place    | Note
-------+----------+-------------------------------------------
     0 | D:1      | JeffiDaFish the Gargoyle Earth Elementalist began the quest for the Orb.
     0 | D:1      | Reached XP level 1. HP: 10/10 MP: 3/3
    72 | D:1      | Reached skill level 4 in Earth Magic
    72 | D:1      | Reached XP level 2. HP: 13/15 MP: 5/5
   268 | D:1      | Reached skill level 5 in Earth Magic
   268 | D:1      | Reached XP level 3. HP: 22/23 MP: 6/9
   305 | D:1      | Reached skill level 6 in Earth Magic
   684 | D:1      | Reached XP level 4. HP: 28/28 MP: 6/10
   699 | D:1      | Gained mutation: Your muscles are strong. (Str +2) [potion of mutation]
   699 | D:1      | Gained mutation: You are agile. (Dex +2) [potion of mutation]
  1070 | D:2      | Learned a level 3 spell: Stone Arrow
  1075 | D:2      | Learned a level 4 spell: Petrify
  1096 | D:2      | Reached skill level 5 in Spellcasting
  1177 | D:2      | Found a faded altar of an unknown god.
  1185 | D:2      | Noticed Natasha
  1191 | D:2      | Killed Natasha
  1191 | D:2      | Reached XP level 5. HP: 23/32 MP: 7/12
  1327 | D:2      | Noticed Natasha
  1334 | D:2      | Killed Natasha
  1439 | D:2      | Noticed Ijyb
  1442 | D:2      | Killed Ijyb
  1585 | D:2      | Noticed Natasha
  1587 | D:2      | Killed Natasha
  1854 | D:3      | Reached skill level 1 in Transmutations
  1854 | D:3      | Reached XP level 6. HP: 38/38 MP: 9/13
  1949 | D:3      | Found an ancient bone altar of Kikubaaqudgha.
  1952 | D:3      | Found a shimmering altar of Xom.
  1955 | D:3      | Found a burning altar of Makhleb.
  1987 | D:3      | Found a sacrificial altar of Ru.
  2200 | D:3      | Learned a level 5 spell: Lee's Rapid Deconstruction
  2291 | D:3      | Found a stormy altar of Qazlal.
  2741 | D:3      | Reached skill level 1 in Polearms
  3069 | D:3      | Noticed Robin
  3088 | D:3      | Killed Robin
  3180 | D:3      | Reached XP level 7. HP: 36/43 MP: 5/14
  3496 | D:3      | Reached skill level 1 in Shields
  3942 | D:3      | Noticed Terence
  4284 | D:3      | Killed Terence
  4513 | D:3      | Reached XP level 8. HP: 48/48 MP: 16/16
  5524 | D:4      | Reached skill level 7 in Earth Magic
  6088 | D:5      | Entered Level 5 of the Dungeon
  6369 | D:5      | Found a staircase to the Ecumenical Temple.
  6383 | Temple   | Entered the Ecumenical Temple
  6436 | Temple   | Became a worshipper of Sif Muna the Loreminder
  6969 | D:6      | Reached XP level 9. HP: 22/52 MP: 12/18
  7854 | D:7      | Found an opulent altar of Gozag.
  7860 | D:7      | Noticed Duvessa
  7860 | D:7      | Noticed Dowan
  7868 | D:7      | Found a radiant altar of Vehumet.
  7889 | D:7      | Killed Duvessa
  7889 | D:7      | Reached skill level 5 in Conjurations
  7892 | D:7      | Killed Dowan
  8145 | D:7      | Reached * piety under Sif Muna
  8169 | D:7      | Found a shimmering altar of Xom.
  8284 | D:7      | Noticed Menkaure
  8290 | D:7      | Reached skill level 5 in Shields
  8291 | D:7      | Killed Menkaure
  8377 | D:7      | Noticed a two-headed ogre
  8455 | D:7      | Killed a two-headed ogre
  8824 | D:7      | Reached skill level 8 in Earth Magic
  8838 | D:7      | Reached XP level 10. HP: 56/56 MP: 8/19
  8844 | D:7      | Noticed Joseph
  8879 | D:7      | Killed Joseph
  9789 | D:8      | Reached ** piety under Sif Muna
 10485 | D:8      | Found Kuede's Gadget Shoppe.
 10547 | D:8      | Found a blossoming altar of Fedhas.
 10723 | D:8      | Noticed a two-headed ogre
 10729 | D:8      | Killed a two-headed ogre
 11592 | D:9      | Reached skill level 9 in Earth Magic
 11841 | D:9      | Reached XP level 11. HP: 59/61 MP: 9/21
 11868 | D:9      | Noticed Pikel
 11884 | D:9      | Killed Pikel
 12003 | D:9      | Found a roughly hewn altar of Beogh.
 12003 | D:9      | Found a staircase to the Orcish Mines.
 12372 | D:9      | Noticed a two-headed ogre
 12378 | D:9      | Killed a two-headed ogre
 12705 | D:9      | Noticed a deep elf mage
 12712 | D:9      | Killed a deep elf mage
 13369 | D:10     | Entered Level 10 of the Dungeon
 13511 | D:10     | Noticed keipra's ghost (journeyman GrGl)
 13697 | D:9      | Slain by a vampire

Vault maps used:
D:1:      onia_arrival_mini_spirals
D:2:      chequers_ecumenical_altar_simple_redux, uniq_iyjb, uniq_natasha
D:3:      lemuel_castle_with_subvaults, grunt_qazlal_clouds,
          grunt_temple_overflow_cloverleaf, uniq_terence, uniq_robin
D:4:      kennysheep_generic_room_7
D:5:      temple_fountains, first_bread
D:7:      old_standard_altar, lemuel_crystal_altar, xom_teletrap_fun,
          uniq_menkaure, uniq_joseph, uniq_duvessa
D:8:      fedhas_altar_decomposition, serial_shops, kennysheep_little_box
D:9:      david_orc_5, serial_glass, glass_columns_b, glass_columns_a,
          grunt_ogre_cave, guppyfry_early_elven_hall, uniq_pikel
D:10:     minmay_lair_entry_lava
Temple:   dpeg_chambers_temple

Skill      XL: |  1  2  3  4  5  6  7  8  9 10 11 |
---------------+----------------------------------+-----
Earth Magic    | 4 5 6 7 8 9 |  9.4
Fighting       | 3 4 |  4.1
Armour         | 3 |  3.7
Dodging        | 3 |  3.3
Spellcasting   | 4 5 6 7 |  7.5
Conjurations   | 3 4 5 6 |  6.8
Transmutations | 1 2 3 4 |  4.2
Polearms       | 1 2 3 4 |  4.8
Shields        | 2 4 5 7 8 |  8.1
Short Blades   | |  0.1
Stealth        | |  2.9

Action                   |  1- 3 |  4- 6 |  7- 9 | 10-12 || total
-------------------------+-------+-------+-------+-------++-------
Melee: Dagger            |    36 |       |       |       ||    36
       Spear             |     1 |   103 |       |       ||   104
       Trident           |       |    73 |   507 |   608 ||  1188
 Cast: Sandblast         |    11 |    61 |    51 |    59 ||   182
       Stone Arrow       |       |    21 |    61 |    71 ||   153
       Lee's Rapid Decon |       |       |     3 |     8 ||    11
       Petrify           |       |       |       |    10 ||    10
  Use: Potion            |     2 |     6 |     5 |     5 ||    18
       Scroll            |     2 |     4 |    14 |     3 ||    23
 Stab: Sleeping          |     1 |     6 |     3 |     4 ||    14
       Distracted        |       |       |     1 |     2 ||     3
       Petrified         |       |       |       |     7 ||     7
  Eat: Chunk             |       |     9 |    23 |    19 ||    51
       Royal jelly       |       |       |       |     2 ||     2
       Meat ration       |       |       |       |     1 ||     1
Armor: Robe              |     4 |    14 |       |       ||    18
       Ring mail         |       |   104 |   237 |   253 ||   594
Dodge: Dodged            |    33 |   123 |   306 |   213 ||   675
Block: Buckler           |       |    15 |   180 |   158 ||   353
